 Dungeon Crawl Stone Soup version 0.22-a0-293-gc9362ec (webtiles) character file.

146 tilp the Chiller (level 5, -3/35 HPs)
             Began as a Merfolk Ice Elementalist on Mar 24, 2018.
             Slain by Grinder (4 damage)
             ... while paralysed by Grinder
             ... on level 5 of the Dungeon.
             The game lasted 00:12:22 (4574 turns).

tilp the Chiller (Merfolk Ice Elementalist)         Turns: 4574, Time: 00:12:22

Health: -3/35      AC:  3    Str:  8    XL:     5   Next: 28%
Magic:  7/8        EV:  2    Int: 16    God:
Gold:   123        SH:  0    Dex: 14    Spells: 2/8 levels left

rFire    . . .     SeeInvis .   g - +0 short sword
rCold    . . .     Gourm    .   (no shield)
rNeg     . . .     Faith    .   a - +0 robe
rPois    .         Spirit   .   m - +0 helmet
rElec    .         Reflect  .   (no cloak)
rCorr    .         Harm     .   (no gloves)
MR       .....                  (no boots)
Stlth    ++........             (no amulet)
HPRegen  0.11/turn              (no ring)
MPRegen  0.11/turn              (no ring)

@: paralysed
A: change form in water, swift swim, stealthy swim
a: no special abilities


You were on level 5 of the Dungeon.
You were not hungry.

You visited 1 branch of the dungeon, and saw 5 of its levels.
You also visited: Ossuary.

You collected 123 gold pieces.

Inventory:

Hand Weapons
 g - a +0 short sword (weapon)
 n - a +0 spear
 p - a +0 hunting sling
 t - a +0 trident
Missiles
 d - 36 sling bullets
 i - 80 stones
 v - a tomahawk (quivered)
Armour
 a - a +0 robe (worn)
 m - a +0 helmet (worn)
Jewellery
 f - a +2 ring of dexterity {unknown}
Scrolls
 e - a scroll of magic mapping
 h - 7 scrolls of remove curse
 j - a scroll of fog {unknown}
 k - 2 scrolls of identify
 q - a scroll of fear {unknown}
 u - a scroll of amnesia {unknown}
 y - a scroll of teleportation {unknown}
 B - a scroll of immolation {unknown}
Potions
 b - 2 potions of invisibility {unknown}
 l - 2 potions of cancellation {unknown}
 o - 2 potions of curing
 r - 2 potions of might {unknown}
 s - a potion of mutation {unknown}
 w - a potion of degeneration {unknown}
 x - 2 potions of lignification {unknown}
 z - a potion of resistance {unknown}
 A - a potion of berserk rage {unknown}
 C - a potion of heal wounds {unknown}
Comestibles
 c - 7 rations


   Skills:
 - Level 2.6 Dodging
 - Level 2.1 Stealth
 - Level 2.0 Spellcasting
 - Level 0.7 Conjurations
 + Level 6.4 Ice Magic


You had 2 spell levels left.
You knew the following spells:

 Your Spells              Type           Power        Failure   Level  Hunger
a - Freeze                Ice            ###.         1%          1    #......
b - Throw Frost           Conj/Ice       ##....       7%          2    ###....
c - Ozocubu's Armour      Chrm/Ice       ##......     17%         3    ###....


Dungeon Overview and Level Annotations

Branches:
Dungeon (5/15)
 Temple: D:4-7

Altars:
Ashenzari
Nemelex Xobeh
Okawaru
Uskayaw
Wu Jian
Zin

Annotations:
D:3 Gildeon's ghost, amateur DgCj
D:5 Grinder


Message History

There is an escape hatch in the floor here.
Grinder closely misses you.
You slide downwards.
The hatch slams shut behind you.
You barely miss Grinder. Grinder hits you.
You writhe in agony.
Grinder blinks!
Grinder barely misses you. Grinder gestures at you.
Pain shoots through your body!
It was a potion of curing.
You feel better.
Found 21 gold pieces.
A hound zombie comes into view.
Grinder gestures at you.
You suddenly lose the ability to move!
Grinder hits you!
You writhe in agony.
Grinder hits you.
* * * LOW HITPOINT WARNING * * *
Grinder hits you.
* * * LOW HITPOINT WARNING * * *
You writhe in agony.
You die...

# .. ##### ...
#######...# ....
#.........+ .$...
#.#####...#
.Z....###.#####...#
.......@5.....+...+
...###.##.#####...#
#. #.# #...# #. #.#
#...# #. #.# #####
#. #.# #. #.# .. .#


You could see Grinder and a hound zombie.

Vanquished Creatures
  A worker ant (D:4)
  3 adders
  An ooze (D:3)
  3 worms
  2 dart slugs (D:1)
  8 orcs
  2 bats (D:1)
  3 giant cockroaches (D:3)
  3 gnoll zombies (Ossuary)
  7 goblins
  5 hobgoblins
  3 jackals (D:3)
  4 frilled lizards
  2 gnoll skeletons (Ossuary)
  3 goblin skeletons (Ossuary)
  3 goblin zombies (Ossuary)
  2 hobgoblin skeletons (Ossuary)
  A hobgoblin zombie (Ossuary)
  6 kobolds
  A kobold skeleton (Ossuary)
  4 kobold zombies (Ossuary)
  2 orc skeletons (Ossuary)
  An orc zombie (Ossuary)
  8 rats
  A rat skeleton (Ossuary)
  4 rat zombies (Ossuary)
83 creatures vanquished.

Vanquished Creatures (others)
  Menkaure (Ossuary)
  3 mummies (Ossuary)
  2 gnoll zombies (Ossuary)
  A gnoll skeleton (Ossuary)
  2 goblin skeletons (Ossuary)
  A goblin zombie (Ossuary)
  2 hobgoblin zombies (Ossuary)
  3 kobold skeletons (Ossuary)
  5 orc skeletons (Ossuary)
  An orc zombie (Ossuary)
  3 rat skeletons (Ossuary)
  3 rat zombies (Ossuary)
27 creatures vanquished.

Grand Total: 110 creatures vanquished

Notes
Turn   | Place    | Note
-------+----------+-------------------------------------------
     0 | D:1      | tilp the Merfolk Ice Elementalist began the quest for the Orb.
     0 | D:1      | Reached XP level 1. HP: 13/13 MP: 3/3
   242 | D:1      | Reached XP level 2. HP: 12/19 MP: 0/5
   251 | D:1      | Learned a level 2 spell: Throw Frost
   458 | D:1      | Reached skill level 4 in Ice Magic
  1388 | D:2      | Found a hide-covered altar of Uskayaw.
  1413 | D:2      | Reached XP level 3. HP: 24/24 MP: 2/6
  1418 | D:2      | Learned a level 3 spell: Ozocubu's Armour
  1499 | D:2      | Found a shattered altar of Ashenzari.
  1683 | D:2      | Found a faded altar of an unknown god.
  1905 | D:2      | Found an iron altar of Okawaru.
  1957 | D:2      | Reached skill level 5 in Ice Magic
  2448 | D:3      | Reached XP level 4. HP: 22/30 MP: 3/7
  2464 | D:3      | Found a sparkling altar of Nemelex Xobeh.
  2558 | D:3      | Found a glowing silver altar of Zin.
  2559 | D:3      | Found an ornate altar of the Wu Jian Council.
  3296 | D:3      | Noticed Gildeon's ghost (amateur DgCj)
  3405 | D:4      | Noticed Grinder
  3547 | D:4      | Found a sand-covered staircase.
  3568 | D:4      | Reached skill level 6 in Ice Magic
  3568 | D:4      | Reached XP level 5. HP: 25/35 MP: 0/8
  3825 | Ossuary  | Entered an ossuary
  4077 | Ossuary  | Killed Menkaure
  4556 | D:5      | Entered Level 5 of the Dungeon
  4570 | D:5      | Paralysed by Grinder for 7 turns
  4574 | D:5      | HP: 1/35 [Grinder (5)]
  4574 | D:5      | Slain by Grinder

Vault maps used:
D:1:      onia_arrival_mini_maze, minmay_misc_feat_x
D:2:      eat_drink_and_be_merry_uskayaw, nicolae_overflow_crystal_walls,
          old_standard_altar, chequers_ecumenical_altar_simple_redux
D:3:      gammafunk_temple_overflow_statue, first_ration, nrook_uturn,
          nemelex_dance_club_becter
D:4:      nicolae_ossuary_entry_false_entrances, minmay_cut_off, uniq_grinder
Ossuary:  ossuary_due_pyramid

Skill      XL: |  1  2  3  4 |
---------------+-------------+-----
Ice Magic      | 4 5 6 |  6.4
Dodging        | |  2.6
Stealth        | |  2.1
Spellcasting   | |  2.0
Conjurations   | |  0.7

Action                   |  1- 3 |  4- 6 || total
-------------------------+-------+-------++-------
Melee: Short sword       |    23 |   127 ||   150
Throw: Stone             |    26 |     8 ||    34
       Tomahawk          |       |    13 ||    13
 Cast: Freeze            |    56 |    34 ||    90
       Throw Frost       |     3 |     2 ||     5
       Ozocubu's Armour  |     2 |     7 ||     9
  Use: Scroll            |       |     2 ||     2
       Potion            |       |     1 ||     1
 Stab: Sleeping          |     2 |     2 ||     4
  Eat: Chunk             |     2 |     4 ||     6
       Ration            |     1 |     2 ||     3
Armor: Robe              |     8 |    28 ||    36
Dodge: Dodged            |    35 |    87 ||   122

Table legend:
 A = Spawn XP
 B = Non-spawn XP
 C = Spawn XP percentage of total XP
 D = Spawn monster count
 E = Non-spawn monster count
 F = Spawn count percentage of total count
 G = Total turns spent on level
                    A         B        C        D         E        F      G
               +---------+---------+-------+---------+---------+-------+---------
         Total |       0 |     209 |   0.0 |       0 |      75 |   0.0 |  4574
               +---------+---------+-------+---------+---------+-------+---------
           D:1 |       0 |      28 |   0.0 |       0 |      15 |   0.0 |  1437
           D:2 |       0 |      42 |   0.0 |       0 |      10 |   0.0 |   852
           D:3 |       0 |      76 |   0.0 |       0 |      28 |   0.0 |  1225
           D:4 |       0 |      42 |   0.0 |       0 |       3 |   0.0 |   341
       Ossuary |       0 |      21 |   0.0 |       0 |      19 |   0.0 |   701
               +---------+---------+-------+---------+---------+-------+---------
